 Dungeon Crawl Stone Soup version 0.30.0-29-ga12c61a403 (webtiles) character file.

Game seed: 2495682399195755709

649 AIAndy the Fighter (level 7, -6/64 HPs)
             Began as a Gnoll Wanderer on June 8, 2023.
             Was a Follower of Okawaru.
             Mangled by Pikel
             ... wielding a +0 whip of freezing
              (11 damage)
             ... on level 6 of the Dungeon on June 11, 2023.
             The game lasted 00:30:26 (4152 turns).

AIAndy the Fighter (Gnoll Wanderer)                 Turns: 4152, Time: 00:30:28

Health: -6/64      AC:  6    Str: 11    XL:     7   Next: 53%
Magic:  12/12      EV: 11    Int:  9    God:    Okawaru [*.....]
Gold:   113        SH:  0    Dex: 16    Spells: 12/13 levels left

rFire   . . .        i - +0 war axe
rCold   . . .        (no shield)
rNeg    . . .        z - +0 ring mail {rPois}
rPois   +            g - +1 hat
rElec   .            (no cloak)
rCorr   .            (no gloves)
SInv    .            (no boots)
Will    .....        x - amulet of regeneration
Stlth   +++          (no ring)
HPRegen 1.10/turn    (no ring)
MPRegen 0.13/turn

%: no passive effects
@: no status effects
A: fangs 1, strong nose, distributed training
a: Renounce Religion, Heroism


You were on level 6 of the Dungeon.
You worshipped Okawaru.
Okawaru was aware of your devotion.
You visited 1 branch of the dungeon, and saw 6 of its levels.

You collected 113 gold pieces.

Inventory:

Hand Weapons
 a - a +3 dagger
 i - a +0 war axe (weapon)
 y - a +1 short sword of distortion
 D - a +0 war axe
Missiles
 E - an atropa-tipped dart (quivered)
Armour
 d - a +0 robe
 g - a +1 hat (worn)
 z - a +0 ring mail of poison resistance (worn)
Jewellery
 q - a ring of ice
 x - an amulet of regeneration (around neck)
Wands
 C - a wand of roots (6)
Scrolls
 b - 2 scrolls of blinking
 f - a scroll of enchant weapon {unknown}
 h - a scroll of vulnerability {unknown}
 l - a scroll of silence {unknown}
 m - a scroll of poison {unknown}
 p - 2 scrolls of enchant armour {unknown}
 s - a scroll of brand weapon {unknown}
 v - a scroll of fear {unknown}
 A - a scroll of noise {unknown}
 B - a scroll of magic mapping {unknown}
Potions
 c - a potion of lignification
 j - a potion of flight
 k - 4 potions of curing
 n - a potion of might {unknown}
 o - a potion of haste
 r - 2 potions of cancellation
 t - 3 potions of heal wounds
 u - 2 potions of resistance
 w - a potion of mutation


   Skills:
 + Level 9.0 Fighting
 + Level 2.6 Short Blades
 + Level 2.6 Long Blades
 + Level 2.6 Axes
 + Level 2.6 Maces & Flails
 + Level 2.6 Polearms
 + Level 2.6 Staves
 + Level 2.6 Ranged Weapons
 + Level 2.6 Throwing
 + Level 3.7 Armour
 + Level 2.6 Dodging
 + Level 6.6 Stealth
 + Level 2.6 Shields
 + Level 2.6 Unarmed Combat
 + Level 3.9 Spellcasting
 + Level 2.1 Conjurations
 + Level 2.1 Hexes
 + Level 2.1 Summonings
 + Level 2.1 Necromancy
 + Level 2.1 Translocations
 + Level 2.1 Transmutations
 + Level 2.1 Fire Magic
 + Level 2.1 Ice Magic
 + Level 3.1 Air Magic
 + Level 2.1 Earth Magic
 + Level 2.1 Poison Magic
 + Level 3.0 Invocations
 + Level 2.6 Evocations


You had 12 spell levels left.
You knew the following spells:

 Your Spells              Type           Power      Damage    Failure   Level
a - Sandblast             Erth           10%        2d5       26%         1

Your spell library contained the following spells:

 Spells                   Type           Power      Damage    Failure   Level
 Shock                    Conj/Air       24%        1d4       22%         1
 Poisonous Vapours        Pois/Air       12%        N/A       32%         2
 Cigotuvi's Dreadful Rot  Necr/Pois/Air  12%        N/A       34%         2
 Passwall                 Tmut/Erth      4%         N/A       36%         2
 Swiftness                Air            7%         N/A       45%         3
 Stone Arrow              Conj/Erth      10%        3d7       58%         3
 Airstrike                Air            3%         2d(1-17)  86%         4


Dungeon Overview and Level Annotations

Branches:
Dungeon (6/15)
 Temple: D:4-7

Altars:
Nemelex Xobeh
Okawaru
Wu Jian

Shops:
D:3 [

Annotations:
D:3 1 runed translucent door, Tyszek's ghost, amateur MiFi
D:5 exclusion: black bear
D:6 Pikel


Innate Abilities, Weirdness & Mutations

You have very sharp teeth.
Your uncanny sense of smell can sniff out nearby items.
Your experience applies equally to all skills.


Message History

Pikel freezes you.
You slash Pikel!
Pikel is almost dead.
Pikel closely misses you.
Pikel hits you with a +0 whip of freezing.
Pikel freezes you.
You closely miss Pikel.
Pikel is almost dead.
You feel like a meek peon again.
Pikel hits you with a +0 whip of freezing!
* * * LOW HITPOINT WARNING * * *
Pikel freezes you.
* * * LOW HITPOINT WARNING * * *
You hit Pikel but do no damage.
Pikel is almost dead.
Pikel hits you but does no damage.
You hit Pikel but do no damage. Your bite misses Pikel.
Pikel is almost dead.
Pikel barely misses you.
You completely miss Pikel. You bite Pikel, but do no damage.
Pikel is almost dead.
Pikel completely misses you.
Pikel hits you with a +0 whip of freezing.
* * * LOW HITPOINT WARNING * * *
Pikel freezes you.
* * * LOW HITPOINT WARNING * * *
You hit Pikel.
Pikel is almost dead.
Pikel closely misses you.
You barely miss Pikel.
Pikel is almost dead.
Pikel completely misses you.
You closely miss Pikel.
Pikel is almost dead.
Pikel hits you with a +0 whip of freezing.
* * * LOW HITPOINT WARNING * * *
Pikel freezes you.
* * * LOW HITPOINT WARNING * * *
Pikel hits you with a +0 whip of freezing!
You die...

##################
..........@K555.((
#######....##########
#..............#
#.#<.........#.#
#.#..######.##.####
#.......###........
#...................
#...>...#####.#.####
#.......# .#...


You could see Pikel and 3 lemures.

Vanquished Creatures
  An ogre (D:5)
  A phantom (D:5)
  A lemure (D:6)
  2 hounds (D:5)
  A jelly (D:4)
  3 orc priests (D:5)
  Jessica (D:2)
  3 iguanas
  An orc wizard (D:5)
  3 gnolls (D:5)
  4 adders
  2 worms (D:2)
  3 dart slugs
  8 orcs
  8 bats
  6 endoplasms
  6 giant cockroaches
  2 hobgoblins
  15 jackals
  3 quokkas
  4 ball pythons
  A frilled lizard (D:1)
  8 goblins
  10 kobolds
  5 rats
102 creatures vanquished.

Notes
Turn   | Place    | Note
-------+----------+-------------------------------------------
     0 | D:1      | AIAndy the Gnoll Wanderer began the quest for the Orb.
     0 | D:1      | AIAndy set off with the following items: a +3 dagger, a
                  | scroll of blinking, a potion of lignification, a +0 robe;
                  | and the following spells available to memorise: Poisonous
                  | Vapours, Cigotuvi's Dreadful Rot.
     0 | D:1      | Reached XP level 1. HP: 26/26 MP: 4/4
    93 | D:1      | Reached XP level 2. HP: 24/33 MP: 5/5
   133 | D:1      | Found a faded altar of an unknown god.
   148 | D:1      | Got Plato's Commentary on Lightning
   355 | D:1      | Reached XP level 3. HP: 37/38 MP: 7/7
   705 | D:1      | Reached skill level 1 in Invocations
   846 | D:2      | Learned a level 1 spell: Sandblast
   854 | D:2      | Noticed Jessica
   865 | D:2      | Killed Jessica
   866 | D:2      | Reached skill level 1 in Short Blades
   866 | D:2      | Reached skill level 1 in Long Blades
   866 | D:2      | Reached skill level 1 in Axes
   866 | D:2      | Reached skill level 1 in Maces & Flails
   866 | D:2      | Reached skill level 1 in Polearms
   866 | D:2      | Reached skill level 1 in Staves
   866 | D:2      | Reached skill level 1 in Ranged Weapons
   866 | D:2      | Reached skill level 1 in Throwing
   866 | D:2      | Reached skill level 1 in Dodging
   866 | D:2      | Reached skill level 1 in Shields
   866 | D:2      | Reached skill level 1 in Unarmed Combat
   866 | D:2      | Reached skill level 1 in Evocations
   866 | D:2      | Reached XP level 4. HP: 33/45 MP: 6/8
  1012 | D:2      | Found an iron altar of Okawaru.
  1022 | D:2      | Became a worshipper of Warmaster Okawaru
  1158 | D:2      | Reached skill level 1 in Conjurations
  1158 | D:2      | Reached skill level 1 in Hexes
  1158 | D:2      | Reached skill level 1 in Summonings
  1158 | D:2      | Reached skill level 1 in Necromancy
  1158 | D:2      | Reached skill level 1 in Translocations
  1158 | D:2      | Reached skill level 1 in Transmutations
  1158 | D:2      | Reached skill level 1 in Fire Magic
  1158 | D:2      | Reached skill level 1 in Ice Magic
  1158 | D:2      | Reached skill level 1 in Earth Magic
  1158 | D:2      | Reached skill level 1 in Poison Magic
  1849 | D:3      | Found Xoc Vun's Armour Boutique.
  1854 | D:3      | Reached XP level 5. HP: 51/51 MP: 9/9
  2143 | D:3      | Found a runed translucent door.
  2149 | D:3      | Noticed Tyszek's ghost (amateur MiFi)
  2869 | D:4      | Found an ornate altar of the Wu Jian Council.
  2926 | D:4      | Noticed a black bear
  2959 | D:5      | Entered Level 5 of the Dungeon
  2990 | D:5      | Reached XP level 6. HP: 57/57 MP: 11/11
  3614 | D:5      | Reached * piety under Okawaru
  3671 | D:5      | Noticed a black bear
  3733 | D:5      | Reached XP level 7. HP: 17/63 MP: 10/12
  3777 | D:5      | Found a sparkling altar of Nemelex Xobeh.
  4018 | D:5      | Reached skill level 9 in Fighting
  4110 | D:6      | Noticed Pikel
  4152 | D:6      | Mangled by Pikel

Illustrated notes

Levels and vault maps discovered:
D:1:      matt_arrival_refuge, layout_loops_ring,
          shapermc_ecumenical_altar_rom_forum, nicolae_titane
D:2:      layout_loops_cross, basic_altar, uniq_jessica
D:3:      layout_basic, serial_shops, nicolae_shop_trees, ebering_ghost_sewer_d,
          hangedman_feature_mirror, serial_bayou_crossing
D:4:      layout_basic, nzn_wu_jian_contemplation
D:5:      layout_gridville, nemelex_dance_club_becter,
          chequers_serial_rivers_large_b, chequers_serial_rivers_room_a
D:6:      minmay_general_purpose_star, layout_basic, minmay_temple_entry_grid,
          uniq_pikel

Skill      XL: |  1  2  3  4  5  6  7 |
---------------+----------------------+-----
Air Magic      | 2 3 |  3.1
Stealth        | 6 |  6.6
Invocations    | 1 2 3 |  3.0
Short Blades   | 1 2 |  2.6
Long Blades    | 1 2 |  2.6
Axes           | 1 2 |  2.6
Maces & Flails | 1 2 |  2.6
Polearms       | 1 2 |  2.6
Staves         | 1 2 |  2.6
Ranged Weapons | 1 2 |  2.6
Throwing       | 1 2 |  2.6
Dodging        | 1 2 |  2.6
Shields        | 1 2 |  2.6
Unarmed Combat | 1 2 |  2.6
Spellcasting   | 3 |  3.9
Evocations     | 1 2 |  2.6
Conjurations   | 1 2 |  2.1
Hexes          | 1 2 |  2.1
Summonings     | 1 2 |  2.1
Necromancy     | 1 2 |  2.1
Translocations | 1 2 |  2.1
Transmutations | 1 2 |  2.1
Fire Magic     | 1 2 |  2.1
Ice Magic      | 1 2 |  2.1
Earth Magic    | 1 2 |  2.1
Poison Magic   | 1 2 |  2.1
Armour         | 3 |  3.7
Fighting       | 9 |  9.0

Action                     |  1- 3 |  4- 6 |  7- 9 || total
---------------------------+-------+-------+-------++-------
  Melee: Dagger            |    87 |   315 |    73 ||   475
         Bite              |     6 |    40 |     3 ||    49
         Punch             |     3 |     7 |     1 ||    11
         War axe           |       |       |    10 ||    10
  Throw: Dart              |       |     2 |     9 ||    11
   Cast: Sandblast         |     1 |     2 |       ||     3
 Invoke: Heroism           |       |       |     1 ||     1
    Use: Scroll            |       |     9 |       ||     9
         Potion            |       |       |     1 ||     1
   Stab: Sleeping          |     6 |    11 |     2 ||    19
         Invisible         |       |       |     1 ||     1
 Armour: Robe              |    22 |    21 |       ||    43
         Ring mail         |       |    78 |    12 ||    90
  Dodge: Dodged            |    42 |   173 |    29 ||   244
